cohdb
Replays
Latest Replays
All Replays
Popular Replays
Top Player Replays
Match Explorer
How It Works
Community
CoH3 Stats
Reddit
Sign in to upload your games and track your stats! →
Sign in with Steam
Match 42260192
Unlisted
Match 42260192
Overview
Messages
Build Orders
End
Kettenkrad Recon Vehicle
Construct Infanterie Kompanie
Grenadier Squad
Grenadier Squad
Grenadier Squad
Grenadier Squad
Infanterie Officer Quarters
Selects Mechanized Battlegroup
Selects Raid Package
Construct Luftwaffe Kompanie
MG 42 Machine Gun Team
Jäger Squad
Selects StuG Assault Group
Support Elements
Medical Bunker
Wirbelwind Flakpanzer
Pioneer Squad
Jäger Squad
Selects Panther Heavy Tank
Panther Heavy Tank
Selects Spotting Scopes
MG 42 Machine Gun Team
Pioneer Squad
Luftwaffe Officer Quarters
Selects Wespe Self-propelled Artillery
Selects Mechanized Assault
Panther Heavy Tank
Wespe Self-propelled Artillery
Jäger Squad
Panther Heavy Tank
Mechanized Assault
MadMax
Bootyquake
0
0
Comments
sign in to comment!
No comments posted yet!